Map: Cerulean Fall LE

Players

ShoWTimE

  • Race: Protoss Protoss
  • League: Grandmaster
  • Spawn Location: 1:00

Special - Winner!

  • Race: Terran Terran
  • League: Master
  • Spawn Location: 7:00

Event: IEM Season 13 - Katowice Server Qualifiers Europe

VOD

Have the link to the VOD?

Description

Time

  • Played on: Jan. 8, 2019, 10:04 a.m.
  • Length: 7:56

All games in this series

Show
View Real Time Build Order
Export as new Build Order

ShoWTimE Protoss 

Build Orders: 1 Gate Expand, Phoenix Opening 

Get SALT Encoding   

  12  0:00  Probe  
  13  0:12  Probe  
  14  0:17  Pylon  
  14  0:24  Probe  
  15  0:32  Probe  
  15  0:38  Gateway  
  15  0:40  Probe  
  16  0:46  Assimilator  
  17  0:51  Probe  
  18  1:03  Probe  
  19  1:15  Probe  
  20  1:25  Cybernetics Core  
  20  1:35  Nexus  
  20  1:39  Probe  
  21  1:46  Pylon  
  21  1:51  Probe  
  22  1:55  Adept, Assimilator  
  22  2:05  Probe  
  25  2:18  Stargate, Adept  
  25  2:19  Probe  
  27  2:31  Probe  
  27  2:35  Warp Gate  
  28  2:43  Probe  
  29  2:44  Stalker  
  29  2:47  Probe  
  32  2:55  Probe, Phoenix  
  33  2:59  Probe  
  34  3:08  Probe  
  35  3:14  Probe, Stalker  
  35  3:18  Shield Battery  
  38  3:24  Probe  
  38  3:25  Phoenix  
  41  3:39  Gateway  
  41  3:42  Gateway  
  41  3:47  Probe x2  
  43  3:52  Phoenix, Pylon  
  43  3:59  Probe  
  46  4:10  Probe  
  46  4:12  Probe  
  46  4:13  Pylon  
  46  4:16  Oracle  
  48  4:23  Probe  
  49  4:24  Probe  
  53  4:31  Shield Battery  
  53  4:35  Probe  
  53  4:36  Probe  
  53  4:37  Adept x2  
  59  4:39  Pylon  
  59  4:48  Probe x2  
  61  4:52  Pylon  
  61  4:58  Oracle  
  64  5:03  Nexus  
  64  5:05  Probe  
  64  5:06  Probe  
  66  5:14  Assimilator  
  66  5:16  Assimilator  
  66  5:19  Probe x2  
  68  5:26  Adept x3  
  74  5:30  Pylon  
  74  5:33  Twilight Council  
  74  5:39  Forge  
  74  5:42  Charge  
  74  5:47  Pylon  
  74  5:50  Adept  
  74  5:51  Adept x2  
  74  5:52  Probe x2, Protoss Ground Armor Level 1  
  74  5:57  Pylon  
  82  6:05  Probe x2  
  84  6:13  Sentry  
  84  6:23  Gateway  
  84  6:25  Gateway  
  84  6:28  Gateway  
  84  6:32  Gateway  
  84  6:34  Gateway  
  84  6:37  Adept  
  86  6:41  Adept x2  
  86  6:45  Shield Battery  
  86  7:03  Adept x3  
  86  7:27  Zealot x5  
  83  7:32  Zealot  
  81  7:38  Zealot  
Show
View Real Time Build Order
Export as new Build Order

Special Terran - Winner!

Build Orders: 1/1/1, Cyclone Opening 

Get SALT Encoding   

  12  0:01  SCV  
  13  0:13  SCV  
  14  0:17  Supply Depot  
  14  0:25  SCV  
  15  0:39  SCV  
  15  0:40  Barracks  
  16  0:46  Refinery  
  16  0:51  SCV  
  16  0:56  Refinery  
  17  1:03  SCV  
  18  1:15  SCV  
  19  1:27  Marine  
  19  1:28  Orbital Command  
  20  1:34  Factory  
  20  1:41  Supply Depot  
  20  1:46  Barracks Tech Lab  
  20  1:53  SCV  
  21  2:05  SCV  
  22  2:18  SCV  
  22  2:22  Starport  
  23  2:24  Supply Depot  
  23  2:26  Cyclone  
  26  2:30  SCV  
  27  2:42  SCV  
  28  2:47  Barracks Reactor  
  28  2:54  SCV  
  28  3:06  SCV  
  28  3:10  Command Center  
  29  3:18  SCV  
  30  3:24  Marine x2  
  32  3:27  Supply Depot  
  32  3:30  SCV  
  33  3:39  Banshee  
  36  3:42  SCV  
  36  3:45  Marine  
  36  3:47  Marine  
  39  3:48  Factory Tech Lab  
  39  3:58  SCV  
  40  4:02  Marine  
  40  4:05  Marine  
  40  4:07  Liberator  
  40  4:09  Siege Tank  
  45  4:10  SCV  
  45  4:12  Supply Depot  
  46  4:20  Marine  
  46  4:22  SCV  
  48  4:26  Marine  
  52  4:34  SCV  
  52  4:36  Barracks  
  53  4:43  Orbital Command  
  55  4:47  Siege Tank  
  55  4:50  Liberator  
  55  4:51  Marine x2  
  58  4:55  SCV  
  58  5:07  SCV  
  58  5:10  Marine x2, SCV  
  65  5:17  Supply Depot  
  65  5:19  SCV  
  65  5:20  Siege Tank  
  69  5:22  SCV  
  70  5:31  Barracks Tech Lab  
  70  5:35  SCV  
  70  5:39  Marine x2, SCV  
  70  5:42  Supply Depot  
  73  5:43  Supply Depot  
  73  5:47  SCV  
  74  5:50  Marine  
  74  5:51  Combat Shield, Liberator, SCV  
  74  5:57  Marine x2  
  76  6:04  SCV x2, Siege Tank  
  83  6:07  Marine  
  83  6:08  Supply Depot  
  87  6:14  Marine x2  
  87  6:16  SCV x2  
  91  6:20  Supply Depot  
  91  6:25  Marine  
  91  6:28  SCV x2  
  91  6:32  Marine x2  
  94  6:36  Siege Tank  
  98  6:40  SCV x2  
  98  6:43  Marine, Liberator, Supply Depot  
  101  6:49  Barracks  
  101  6:50  Marine x2  
  101  6:52  SCV x2  
  105  7:01  Marine  
  105  7:04  Bunker  
  105  7:05  Bunker  
  105  7:08  Marine, Bunker  
  107  7:12  Marine  
  107  7:14  Supply Depot  
  108  7:19  Marine  
  103  7:26  Marine  
  103  7:28  SCV x2  
  106  7:30  Marine, Refinery  
  106  7:32  Refinery  
  106  7:36  Marine  
  106  7:43  Bunker  
  107  7:44  Engineering Bay  
  107  7:48  Bunker  

Tags
 
Add a new tag
Caveats
  • Supply blocks, unpowered buildings, or Contaminate may cause inaccurate times.
  • Supply counts are checked every 10 seconds.